 Dungeon Crawl Stone Soup version 0.27.1-2-g3b301248ec (webtiles) character file.

Game seed: 1053685357536766244

25480 ABBCCCDDDD the Blocker (level 13, -9/118 (142) HPs)
             Began as an Octopode Abyssal Knight on Sept 28, 2021.
             Was a High Priest of Lugonu.
             Mangled by a wyvern (12 damage)
             ... on level 4 of the Lair of Beasts.
             The game lasted 00:37:08 (21744 turns).

ABBCCCDDDD the Blocker (Octopode Abyssal Knight)   Turns: 21744, Time: 00:37:08

HP:   -9/118 (142)  AC: 33    Str: 12    XL:     13   Next: 19%
MP:   0/16          EV:  2    Int: 19    God:    Lugonu [*****.]
Gold: 639           SH: 12    Dex: 11    Spells: 14/16 levels left

rFire    . . .     SeeInvis .   y - +1 flail (protect)
rCold    + . .     Faith    .   d - +0 kite shield {AC+3}
rNeg     + + +     Spirit   +   (helmet currently unavailable)
rPois    +         Reflect  .   N - amulet of guardian spirit
rElec    .         Harm     .   e - +4 ring of slaying
rCorr    .         Rampage  .   l - ring of poison resistance
Will     .....     NoTele   +   (no ring)
Stlth    +.........             t - ring of ice
HPRegen  0.29/turn              x - ring of flight
MPRegen  0.15/turn              H - ring of protection from fire
                                K - +4 ring of protection
                                (no ring)

@: tree-form (expiring), on berserk cooldown, heavily drained
A: stationary, stasis, torment immunity, boosted hp, almost no armour,
(amphibious), 8 rings, (camouflage 1), (gelatinous body 1), (nimble swimmer 1),
(tentacles)
a: Renounce Religion, Depart the Abyss, Bend Space, Banish, Corrupt, Enter the
Abyss


You were on level 4 of the Lair of Beasts.
You worshipped Lugonu.
Lugonu was extremely pleased with you.
You were a tree.
You visited 2 branches of the dungeon, and saw 16 of its levels.
You visited the Abyss 1 time.
You also visited: Sewer.

You collected 1237 gold pieces.
You spent 598 gold pieces at shops.

Inventory:

Hand Weapons
 a - a +5 spear
 g - a +4 falchion of freezing
 y - a +1 flail of protection (weapon)
 M - the +5 mace of Entrepreneurial Spirit {vorpal, rN+ rCorr}
   (You found it on level 11 of the Dungeon)

   It inflicts extra damage upon your enemies.
   rN:        It protects you from negative energy.
   rCorr:     It protects you from acid and corrosion.
Missiles
 b - 4 throwing nets
 m - 21 poisoned darts (quivered)
 J - 2 javelins
Armour
 d - a +0 kite shield of protection (worn)
Jewellery
 e - a +4 ring of slaying (left branch)
 l - a ring of poison resistance (right branch)
 p - the ring "Egedezuu" {Fire Drain rN+ Str+4}
   (You found it on level 4 of the Dungeon)

   [ring of fire]

   It enhances your fire magic.
   Str:       It affects your strength (+4).
   rF:        It protects you from fire.
   rC:        It makes you vulnerable to cold.
   rN:        It protects you from negative energy.
   Drain:     It drains your maximum health when unequipped.
 t - a ring of ice (on tentacle)
 v - an amulet of the acrobat
 x - a ring of flight (on tentacle)
 H - a ring of protection from fire (on tentacle)
 K - a +4 ring of protection (on tentacle)
 N - an amulet of guardian spirit (around neck)
Wands
 F - a wand of mindburst (8)
 R - a wand of paralysis (3)
Scrolls
 f - a scroll of silence
 k - 12 scrolls of teleportation
 n - 2 scrolls of amnesia
 q - 3 scrolls of immolation
 s - a scroll of enchant weapon
 u - 2 scrolls of fog
 w - 3 scrolls of enchant armour
 D - a scroll of summoning {unknown}
 I - 2 scrolls of magic mapping
 S - a scroll of acquirement
Potions
 c - a potion of curing
 j - 5 potions of flight
 o - 6 potions of degeneration
 r - 3 potions of might
 z - 2 potions of haste {unknown}
 A - a potion of brilliance {unknown}
 G - 2 potions of magic {unknown}
 L - a potion of invisibility {unknown}
 O - a potion of resistance {unknown}
 P - a potion of ambrosia {unknown}
 Q - 2 potions of attraction


   Skills:
 + Level 11.5 Fighting
 - Level 6.5 Long Blades
 - Level 8.0 Maces & Flails
 - Level 2.3 Dodging
 * Level 13.8 Shields
 - Level 2.0 Spellcasting
 - Level 2.0 Air Magic
 + Level 5.3 Poison Magic
 - Level 2.0 Invocations
 - Level 5.0 Evocations


You had 14 spell levels left.
You knew the following spells:

 Your Spells              Type           Power      Damage    Failure   Level
a - Poisonous Vapours     Pois/Air       30%        N/A       6%          2

Your spell library contained the following spells:

 Spells                   Type           Power      Damage    Failure   Level
 Sting                    Tmut/Pois      48%        1d5       6%          1
 Olgreb's Toxic Radiance  Pois           22%        N/A       22%         4
 Iskenderun's Battlesphe  Conj           1%         2d6       99%         5
 Iron Shot                Conj/Erth      0%         9d1       100%        6
 Spellforged Servitor     Conj/Summ      0%         N/A       100%        7


Dungeon Overview and Level Annotations

Branches:
Dungeon (12/15)            Temple (0/1) D:7            Lair (4/6) D:10
 Shoals (0/4) Lair:4        Snake (0/4) Lair:3          Orc (0/2) D:12
  Sewer (visited)

Altars:
Ashenzari
Dithmenos
Elyvilon
Hepliaklqana
Kikubaaqudgha
Qazlal
Ru
Sif Muna
Trog
Vehumet
Zin

Shops:
D:2 *[!:!   D:8 *

Portals:
Ice
Cave: Lair:4

Annotations:
D:4 2 transporters, MisterFreud's ghost, amateur GnWn
D:6 exclusions: downstairs and steam dragon, Menkaure
D:7 Harold
D:8 exclusion: two-headed ogre
Lair:2 exclusion: 2 oklob plants
Lair:3 Gastronok
Lair:4 Snorg


Innate Abilities, Weirdness & Mutations

You are a tree.
Your roots penetrate the ground, keeping you stationary.
You cannot be teleported.
You are immune to unholy pain and torment.
Your maximum health is greatly increased.
You cannot wear most types of armour.
((You are amphibious.))
You can wear up to eight rings at the same time.
((Your skin changes colour to match your surroundings (Stealth+).))
((Your rubbery body absorbs attacks. (AC +1, EV +1)))
((You are camouflaged near water. (Stealth+)))
((You have tentacles for arms and can constrict up to eight enemies at once.))


Message History

The wyvern bites you but does no damage.
The hell rat bites you but does no damage.
The wyvern hisses menacingly.
You block the wyvern's attack.
You feel better.
Your transformation is almost over.
The hell rat bites you.
* * * LOW HITPOINT WARNING * * *
The wyvern bites you but does no damage.
You block the hell rat's attack.
You barely miss the wyvern.
The wyvern is severely wounded.
You block the wyvern's attack.
The hell rat bites you but does no damage.
The wyvern bites you!
* * * LOW HITPOINT WARNING * * *
You hit the wyvern.
Your weapon exudes an aura of protection.
The wyvern is almost dead.
The wyvern completely misses you.
The hell rat twitches its whiskers.
The hell rat bites you but does no damage.
You barely miss the wyvern.
The wyvern is almost dead.
The wyvern bites you but does no damage.
The hell rat bites you.
* * * LOW HITPOINT WARNING * * *
The wyvern bites you but does no damage.
You feel better.
A wyvern comes into view.
You block the hell rat's attack. The wyvern bites you!
* * * LOW HITPOINT WARNING * * *
You barely miss the wyvern.
The wyvern is almost dead.
You hear the crackling of a melting archway nearby.
The wyvern hisses angrily.
The hell rat bites you!
* * * LOW HITPOINT WARNING * * *
The wyvern bites you!
You die...

...........# **,*,*
.........#.# *P.P.##
.......#...### *#.P..#
....§§§......# ##.#.#*
≈≈≈≈§≈§#.P.#.## *....#
≈####≈......#.## ##...##
≈#≈≈#≈.......#.###P.#..#
≈≈*#≈≈..........†l.....#
≈≈≈##≈..........♣rk.l.#*
≈≈≈≈§≈.......#######P.#
.,..§.........# ##.##
§......##...Z.## #..#
...............# #>.#
........#....P##****##r#
.#.##.##.......#,,,,,..#*
.....,,##......#,,,,k##.*
....,,*#P....Z.#,,,lr**##


You could see a rime drake, 2 wyverns and a hell rat.

Levels and vault maps discovered:
D:1:      saegor_arrival_simple_c, layout_loops_cross, minmay_tall_x
D:2:      layout_loops_cross, serial_shops, shop, shop,
          nicolae_shop_statue_plus, shop, nicolae_shop_statue_plus
D:3:      cheibrodos_old_hovel, layout_loops_ring,
          nicolae_qazlal_general_emergency, kennysheep_generic_room_4
D:4:      layout_loops_ring, grunt_dithmenos_smoke,
          gammafunk_temple_overflow_pools, jmf_multi_god_temple,
          gammafunk_ghost_arena
D:5:      layout_loops_ring, nicolae_vehumet_altar_sigil,
          nicolae_ru_awakened_eye, mainiacjoe_overflow_catwalk,
          minmay_misc_feat_diagonals, uniq_blork_the_orc
D:6:      layout_basic, cheibrodos_sewer_entry_drain, grunt_ministairs_13,
          uniq_menkaure
D:7:      layout_rooms, minmay_temple_entry_waves, uniq_harold, uniq_pikel
D:8:      layout_loops_ring, serial_bayou_pond_e, nicolae_shop_overcharged_wands
D:9:      layout_cave_pools, lemuel_mausoleum_altar_kikubaaqudgha,
          lightli_temple_of_fire, minivault_14, uniq_prince_ribbit1, uniq_grum
D:10:     layout_gridville, minmay_lair_entry_grove
D:11:     layout_basic
D:12:     layout_stronghold, orc_0_dummy
Lair:1:   gammafunk_indiana_jones, layout_layer_cave, lemuel_fruit_fields
Lair:2:   layout_cellular_growth, gauntlet_entry_generic, beast_lair_carwin_11,
          lemuel_fruit_fields, minmay_lair_oklob_chamber, uniq_maggie
Lair:3:   layout_small_grid, minmay_snake_entry_guardpost_large,
          serial_bayou_shore_b, grunt_megastairs_5, uniq_gastronok
Lair:4:   dpeg_oklob_shooting_range, layout_gridlike, shoals_dummy_entry,
          special_room [special_room_mythical_zoo],
          portal_ice_cave_entry_ice_simulacra, ice2_lemuel,
          serial_bayou_shore_a, uniq_snorg

Notes
Turn   | Place    | Note
-------+----------+-------------------------------------------
     0 | Abyss:1  | ABBCCCDDDD the Octopode Abyssal Knight began the quest for
                  | the Orb.
     0 | Abyss:1  | Reached XP level 1. HP: 16/16 MP: 2/2
    35 | Abyss:1  | Noticed a wretched star
    36 | D:1      | Escaped the Abyss
   164 | D:1      | Reached XP level 2. HP: 14/21 MP: 3/3
   190 | D:1      | Reached * piety under Lugonu
   535 | D:1      | Reached XP level 3. HP: 22/26 MP: 4/4
  1002 | D:2      | Found Qudoruac's Distillery.
  1006 | D:2      | Bought a potion of curing for 42 gold pieces
  1035 | D:2      | Found Zienah's Distillery.
  1209 | D:2      | Found Acytran's General Store.
  1370 | D:2      | Found Ytaleg's Armour Emporium.
  1536 | D:2      | Reached XP level 4. HP: 33/33 MP: 5/5
  1653 | D:2      | Found Qesoinig's Book Boutique.
  1821 | D:3      | Reached ** piety under Lugonu
  1853 | D:3      | Found a stormy altar of Qazlal.
  2033 | D:3      | Reached XP level 5. HP: 38/38 MP: 6/6
  2669 | D:4      | Reached skill level 5 in Fighting
  2672 | D:4      | Reached XP level 6. HP: 6/45 MP: 7/7
  2920 | D:4      | Found a hazy altar of Hepliaklqana.
  2922 | D:4      | Found a shimmering blue altar of Sif Muna.
  3428 | D:4      | Identified the ring "Egedezuu" {Fire Drain rN+ Str+4}
  3434 | D:4      | Noticed MisterFreud's ghost (amateur GnWn)
  3448 | D:4      | Found a transporter.
  3572 | D:4      | Found a transporter.
  3649 | D:4      | Found a shadowy altar of Dithmenos.
  3835 | D:4      | Found a white marble altar of Elyvilon.
  3835 | D:4      | Found a glowing silver altar of Zin.
  3855 | D:5      | Entered Level 5 of the Dungeon
  3910 | D:2      | Bought a +1 buckler of protection for 181 gold pieces
  3929 | D:2      | Bought a scroll of teleportation for 33 gold pieces
  3929 | D:2      | Bought a scroll of identify for 22 gold pieces
  3930 | D:2      | Identified a scroll of acquirement
  3932 | D:2      | Acquired a +0 kite shield of protection
  4028 | D:5      | Noticed an ice beast
  4265 | D:5      | Reached skill level 1 in Shields
  4319 | D:5      | Killed an ice beast
  4320 | D:5      | Reached skill level 5 in Long Blades
  4320 | D:5      | Reached skill level 2 in Shields
  4320 | D:5      | Reached XP level 7. HP: 17/50 MP: 8/8
  4493 | D:5      | Found a broken altar of Ashenzari.
  4557 | D:5      | Found a sacrificial altar of Ru.
  4838 | D:6      | Noticed a steam dragon
  4998 | D:6      | Reached skill level 3 in Shields
  5095 | D:6      | Reached skill level 4 in Shields
  5095 | D:6      | Reached XP level 8. HP: 40/57 MP: 9/9
  5180 | D:6      | Found a glowing drain.
  5189 | Sewer    | Entered a sewer
  5447 | Sewer    | Reached *** piety under Lugonu
  5819 | D:6      | Noticed Menkaure
  5916 | D:6      | Reached skill level 5 in Shields
  6751 | D:2      | Bought a potion of berserk rage for 60 gold pieces
  6751 | D:2      | Bought a potion of lignification for 36 gold pieces
  6862 | D:5      | Noticed Blork the orc
  6875 | D:5      | Killed Blork the orc
  6876 | D:5      | Reached skill level 6 in Shields
  6967 | D:5      | Found a radiant altar of Vehumet.
  7000 | D:5      | Reached XP level 9. HP: 59/64 MP: 10/10
  7008 | D:5      | Reached skill level 1 in Maces & Flails
  7646 | D:7      | Noticed Pikel
  7672 | D:6      | Killed Pikel
  7673 | D:6      | Reached skill level 7 in Shields
  7752 | D:7      | Noticed Harold
  8076 | D:7      | Found a staircase to the Ecumenical Temple.
  8293 | D:7      | Reached skill level 1 in Evocations
  8565 | D:8      | Noticed a gargoyle
  9067 | D:8      | Reached skill level 8 in Shields
  9973 | D:8      | Noticed a two-headed ogre
 10064 | D:8      | Reached XP level 10. HP: 72/72 MP: 11/11
 10073 | D:8      | Killed a gargoyle
 10208 | D:8      | Found Toxtyt's Overcharged Wands.
 10829 | D:9      | Noticed Prince Ribbit
 10835 | D:9      | Killed Prince Ribbit
 10836 | D:9      | Reached skill level 9 in Shields
 10884 | D:9      | Found a bloodstained altar of Trog.
 10884 | D:9      | Noticed a two-headed ogre
 10931 | D:9      | Killed a two-headed ogre
 10931 | D:9      | Reached **** piety under Lugonu
 10956 | D:9      | Noticed Grum
 10976 | D:9      | Killed Grum
 11214 | D:9      | Reached skill level 5 in Maces & Flails
 11250 | D:9      | Found an ancient bone altar of Kikubaaqudgha.
 11464 | D:10     | Entered Level 10 of the Dungeon
 11468 | D:10     | Noticed a two-headed ogre
 11598 | D:10     | Noticed a two-headed ogre
 11598 | D:10     | Noticed a centaur warrior
 11603 | D:10     | Noticed a two-headed ogre
 11917 | D:10     | Reached skill level 10 in Shields
 12280 | D:9      | Killed a two-headed ogre
 12281 | D:9      | Reached skill level 5 in Evocations
 12281 | D:9      | Reached XP level 11. HP: 80/80 MP: 12/12
 12462 | D:9      | Killed a two-headed ogre
 12572 | D:10     | Killed a centaur warrior
 12736 | D:10     | Reached skill level 11 in Shields
 13243 | D:9      | Killed a two-headed ogre
 13409 | D:10     | Found a staircase to the Lair.
 13498 | D:10     | Reached skill level 10 in Fighting
 14532 | D:11     | Reached XP level 12. HP: 82/87 MP: 13/13
 14622 | D:11     | Reached skill level 12 in Shields
 14834 | D:11     | Identified the +5 mace of Entrepreneurial Spirit {vorpal,
                  | rN+ rCorr}
 15101 | D:11     | Reached ***** piety under Lugonu
 15734 | D:12     | Found a staircase to the Orcish Mines.
 16576 | D:12     | Learned a level 2 spell: Poisonous Vapours
 16884 | D:2      | Bought a potion of curing for 42 gold pieces
 16884 | D:2      | Bought a potion of heal wounds for 70 gold pieces
 16884 | D:2      | Bought a potion of attraction for 42 gold pieces
 16884 | D:2      | Bought a potion of heal wounds for 70 gold pieces
 17156 | Lair:1   | Entered Level 1 of the Lair of Beasts
 17490 | Lair:1   | Reached skill level 1 in Air Magic
 17490 | Lair:1   | Reached skill level 1 in Poison Magic
 18012 | Lair:1   | Reached skill level 1 in Spellcasting
 18516 | Lair:2   | Noticed a seven-headed hydra
 18624 | Lair:2   | Noticed a six-headed hydra
 18625 | Lair:2   | Killed a seven-headed hydra
 18636 | Lair:2   | Killed a six-headed hydra
 19182 | Lair:2   | Reached skill level 13 in Shields
 19609 | Lair:2   | Noticed Maggie
 19629 | Lair:2   | Killed Maggie
 20176 | Lair:3   | Noticed Gastronok
 20538 | Lair:3   | Reached XP level 13. HP: 90/95 MP: 16/16
 21137 | Lair:3   | Found a staircase to the Snake Pit.
 21170 | Lair:3   | Reached skill level 5 in Poison Magic
 21584 | Lair:4   | Noticed Snorg
 21656 | Lair:4   | Found a frozen archway.
 21735 | Lair:4   | HP: 4/118 [wyvern (5)]
 21744 | Lair:4   | HP: 3/118 [hell rat (11)]
 21744 | Lair:4   | Mangled by a wyvern

Table legend: (Time is in decaauts)
 A = Elapsed time spent in this place.
 B = Non-inter-level travel time spent in this place.
 C = Inter-level travel time spent in this place.
 D = Time resting spent in this place.
 E = Time spent auto-exploring this place.
 F = Levels seen in this place.
 G = Mean time per level.
                   A        B        C        D        E       F      G
               +--------+--------+--------+--------+--------+-----+--------+
         Total |  21896 |  20349 |   1547 |   5675 |  10331 |  18 | 1216.4 |
       Dungeon |  16959 |  15509 |   1450 |   4781 |   7401 |  12 | 1413.2 |
          Lair |   4604 |   4508 |     96 |    884 |   2735 |   4 | 1151.0 |
         Abyss |     36 |     36 |      0 |      0 |     12 |   1 |   36.0 |
         Sewer |    297 |    297 |      0 |     10 |    183 |   1 |  297.0 |
               +--------+--------+--------+--------+--------+-----+--------+

Top non-repeatable levels by time:
     D:6: 2341 daAuts
     D:9: 2228 daAuts
    D:11: 1816 daAuts
  Lair:2: 1596 daAuts
  Lair:3: 1445 daAuts
  Lair:1: 1360 daAuts
     D:4: 1359 daAuts
     D:5: 1323 daAuts
    D:10: 1282 daAuts
     D:8: 1279 daAuts
    D:12: 1142 daAuts
     D:7: 1117 daAuts
     D:3: 1115 daAuts
     D:2: 1008 daAuts
     D:1: 942 daAuts

Table legend:
 A = Kills in this place as a percentage of kills in entire the game.
 B = Kills by you in this place as a percentage of kills by you in the entire game.
 C = Kills by friends in this place as a percentage of kills by friends in the entire game.
 D = Other kills in this place as a percentage of other kills in the entire game.
 E = Experience gained in this place as a percentage of experience gained in the entire game.
 F = Experience gained in this place divided by the number of levels of this place that you have seen.
                   A       B       C       D       E      F
               +-------+-------+-------+-------+-------+----------------------
         Total | 100.0 | 100.0 |   N/A |   N/A | 100.0 | 2022.2
       Dungeon |  74.8 |  74.8 |   N/A |   N/A |  62.4 | 1893.8
          Lair |  19.9 |  19.9 |   N/A |   N/A |  37.2 | 3385.0
         Sewer |   5.3 |   5.3 |   N/A |   N/A |   0.4 | 135.0
               +-------+-------+-------+-------+-------+----------------------

Action                   |  1- 3 |  4- 6 |  7- 9 | 10-12 | 13-15 || total
-------------------------+-------+-------+-------+-------+-------++-------
Melee: Falchion          |    53 |    93 |   196 |       |       ||   342
       Constrict         |    12 |    20 |    53 |    67 |     7 ||   159
       Tentacles         |     5 |    16 |    65 |   150 |    26 ||   262
       Flail             |       |       |    20 |   625 |   141 ||   786
Throw: Dart              |       |     3 |    31 |   108 |       ||   142
Invok: Depart the Abyss  |     1 |       |       |       |       ||     1
Evoke: Wand              |       |       |       |    11 |     5 ||    16
  Use: Scroll            |     2 |     4 |     6 |    10 |     5 ||    27
       Potion            |       |       |     2 |       |     9 ||    11
 Stab: Sleeping          |     8 |     5 |     6 |     4 |     1 ||    24
       Distracted        |       |       |     2 |       |       ||     2
       Paralysed         |       |       |       |     6 |       ||     6
Armor: Skin              |     4 |    14 |    45 |   189 |    60 ||   312
Dodge: Dodged            |    33 |    34 |   108 |   294 |    61 ||   530
Block: Buckler           |       |     3 |    62 |    12 |       ||    77
       Kite shield       |       |       |       |   356 |    80 ||   436
       Rpst.: Falchion   |     9 |     7 |    21 |       |       ||    37

Vanquished Creatures
  A centaur warrior (D:10)
  2 hydras (Lair:2)
  4 two-headed ogres (D:9)
  Pikel (D:6)
  A cyclops (D:11)
  A cane toad (Lair:1)
  A gargoyle (D:8)
  Maggie (Lair:2)
  2 rime drakes
  3 komodo dragons
  2 trolls (D:12)
  A hornet (D:9)
  Prince Ribbit (D:9)
  5 wyverns
  3 shadows
  2 wraiths
  4 basilisks
  A steam dragon (D:8)
  37 yaks
  10 vampire mosquitoes
  Grum (D:9)
  A death yak simulacrum (Lair:4)
  4 nagas (Lair:3)
  14 water moccasins
  3 orc warriors
  4 ice beasts
  2 sky beasts (D:6)
  3 black bears
  A necrophage (D:9)
  2 ogres
  5 centaurs
  13 wolves
  A phantom (D:7)
  2 lemures (D:7)
  Blork the orc (D:5)
  6 bullfrogs
  3 gnoll sergeants
  2 scorpions
  A cane toad simulacrum (Lair:4)
  A water moccasin zombie (D:7)
  A water moccasin skeleton (D:5)
  An elephant simulacrum (Lair:4)
  4 howler monkeys
  15 wights
  6 centaur zombies
  A human zombie (D:9)
  A jelly (D:6)
  5 hounds
  2 orc priests
  A centaur skeleton (D:7)
  6 iguanas
  A scorpion zombie (D:3)
  8 orc wizards
  A killer bee zombie (D:6)
  A hound skeleton (D:4)
  2 mummies (D:9)
  3 howler monkey zombies
  23 gnolls
  7 adders
  A white imp (Lair:4)
  An adder zombie (D:5)
  A worm (D:6)
  16 orcs
  8 ball pythons
  9 endoplasms
  13 giant cockroaches
  8 goblins
  4 hobgoblins
  8 jackals
  7 quokkas
  3 bats
  7 frilled lizards
  7 kobolds
  4 rats
339 creatures vanquished.

Vanquished Creatures (others)
  5 bushes (D:10)
  21 fungi
  43 plants
69 creatures vanquished.

Grand Total: 408 creatures vanquished
